 Dungeon Crawl Stone Soup version 0.19.1 (webtiles) character file.

193 KarmaPolice the Vandal (level 6, -1/42 HPs)
             Began as a Halfling Hunter on Dec 2, 2016.
             Slain by a phantom (7 damage)
             ... on level 3 of the Dungeon.
             The game lasted 00:06:51 (2884 turns).

KarmaPolice the Vandal (Halfling Hunter)            Turns: 2884, Time: 00:06:52

Health: -1/42      AC:  3    Str: 13    XL:     6   Next: 3%
Magic:  6/6        EV: 16    Int:  9    God:
Gold:   135        SH:  0    Dex: 17    Spells: 0 memorised, 5 levels left

rFire  . . .     SeeInvis .     s - +2 dagger (speed)
rCold  . . .     Gourm    .     c - +0 leather armour
rNeg   . . .     Faith    .     (shield restricted)
rPois  .         Spirit   .     (no helmet)
rElec  .         Reflect  .     (no cloak)
rCorr  .         Harm     .     (no gloves)
MR     .....                    (no boots)
Stlth  ++........               (no amulet)
                                (no ring)
                                (no ring)

@: no status effects
A: mutation resistance 1
a: no special abilities


You were on level 3 of the Dungeon.
You were very hungry.

You visited 1 branch of the dungeon, and saw 3 of its levels.

You collected 135 gold pieces.

Inventory:

Hand Weapons
 a - a +1 hunting sling
 s - a +2 dagger of speed (weapon)
Missiles
 d - 20 sling bullets
 h - 60 stones (quivered)
Armour
 c - a +0 leather armour (worn)
Jewellery
 b - a +5 ring of strength {unknown}
 k - a +3 ring of dexterity {unknown}
 o - an uncursed ring of wizardry {unknown}
 t - an uncursed amulet of magic regeneration {unknown}
Scrolls
 e - a scroll of blinking {unknown}
 l - a scroll of remove curse {unknown}
 m - a scroll of random uselessness {unknown}
 n - 2 scrolls of noise {unknown}
 p - a scroll of recharging {unknown}
 q - a scroll of amnesia {unknown}
 u - a scroll of magic mapping {unknown}
 v - a scroll of identify {unknown}
 x - a scroll of enchant armour {unknown}
Comestibles
 f - a bread ration
 g - a royal jelly
 i - 4 fruits
 j - 2 beef jerkies
 w - a meat ration


   Skills:
 + Level 3.0 Fighting
 + Level 2.6 Short Blades
 + Level 7.3 Slings
 + Level 3.4 Dodging
 - Level 1.1 Stealth


You had 5 spell levels left.
You didn't know any spells.

Dungeon Overview and Level Annotations

Branches:
Dungeon (3/15)

Altars:
Ashenzari
Dithmenos
Gozag
Hepliaklqana
Ru


Innate Abilities, Weirdness & Mutations

You are small and have problems with some larger weapons.
You are somewhat resistant to further mutation.


Message History

The phantom is heavily damaged.
The phantom hits you!
The phantom blinks!
You hit the phantom.
The phantom is heavily damaged.
The phantom hits you!
The phantom blinks!
The phantom hits you.
You hit the phantom.
The phantom is severely damaged.
The phantom hits you.
* * * LOW HITPOINT WARNING * * *
You hit the phantom.
The phantom is severely damaged.
You hit the phantom.
The phantom is severely damaged.
The phantom hits you.
* * * LOW HITPOINT WARNING * * *
You barely miss the phantom.
The phantom is severely damaged.
The phantom hits you!
You die...

....... ..#
.......##.###
........#.#..
..g.....#.#.#
###(###.#.#.#
#g..#.#
#.....#
#.W.### #@#>#
#.#.# #.#.#
#.#.# ..#.#
###'## #>...#
#....# #....#


You could see a phantom and a goblin.

Vanquished Creatures
  The ghost of KarmaPolice the Vandal, an amateur HaHu (D:3)
  2 adders (D:2)
  2 dart slugs
  2 leopard geckos
  3 orcs (D:3)
  6 bats
  8 hobgoblins
  4 jackals (D:1)
  6 kobolds
  A quokka (D:3)
  2 frilled lizards
  5 goblins
  2 rats (D:3)
44 creatures vanquished.

Vanquished Creatures (others)
  A leopard gecko (D:2)
1 creature vanquished.

Grand Total: 45 creatures vanquished

Notes
Turn   | Place    | Note
-------+----------+-------------------------------------------
     0 | D:1      | KarmaPolice the Halfling Hunter began the quest for the Orb.
     0 | D:1      | Reached XP level 1. HP: 14/14 MP: 1/1
   172 | D:1      | Reached skill level 6 in Slings
   493 | D:1      | Reached XP level 2. HP: 19/19 MP: 2/2
   826 | D:1      | Reached skill level 1 in Short Blades
   998 | D:1      | Reached XP level 3. HP: 18/24 MP: 3/3
  1824 | D:2      | Reached XP level 4. HP: 26/29 MP: 4/4
  1845 | D:2      | Found a shattered altar of Ashenzari.
  1848 | D:2      | Found a sacrificial altar of Ru.
  1851 | D:2      | Found a hazy altar of Hepliaklqana.
  1854 | D:2      | Found an opulent altar of Gozag.
  1987 | D:2      | Found a shadowy altar of Dithmenos.
  2410 | D:3      | Noticed KarmaPolice's ghost (amateur HaHu)
  2590 | D:3      | Killed KarmaPolice's ghost
  2590 | D:3      | Reached skill level 7 in Slings
  2590 | D:3      | Reached XP level 5. HP: 12/36 MP: 5/5
  2590 | D:3      | Reached XP level 6. HP: 14/42 MP: 6/6
  2849 | D:3      | Noticed a phantom
  2884 | D:3      | Slain by a phantom

Skill      XL: |  1  2  3  4 |
---------------+-------------+-----
Slings         | 6 7 |  7.3
Fighting       | 2 3 |  3.0
Short Blades   | 1 2 |  2.6
Dodging        | 3 |  3.4
Stealth        | |  1.1

Action                   |  1- 3 |  4- 6 || total
-------------------------+-------+-------++-------
Melee: Short sword       |   115 |       ||   115
       Dagger            |    23 |   112 ||   135
  Use: Potion            |     1 |       ||     1
 Stab: Distracted        |       |     1 ||     1
  Eat: Chunk             |     3 |     2 ||     5
Armor: Leather armour    |    39 |    11 ||    50
Dodge: Dodged            |   123 |    39 ||   162
